 Dungeon Crawl Stone Soup version 0.27.1-4-g1640c2035a (webtiles) character file.

Game seed: 14860022791517357291

6288 ABBCCCDDDD the Cleaver (level 10, 0/136 HPs)
             Began as a Hill Orc Delver on Nov 2, 2021.
             Was a Believer of Trog.
             Succumbed to a tengu warrior's poison
             ... on level 9 of the Dungeon.
             The game lasted 00:10:46 (9763 turns).

ABBCCCDDDD the Cleaver (Hill Orc Delver)            Turns: 9763, Time: 00:10:47

Health: 0/136      AC: 23    Str: 19    XL:     10   Next: 94%
Magic:  10/10      EV: 11    Int: 10    God:    Trog [**....]
Gold:   483        SH:  0    Dex:  9    Spells: 9/9 levels left

rFire    . . .     SeeInvis .   E - +1 war axe (freeze)
rCold    + + .     Faith    +   (no shield)
rNeg     . . .     Spirit   .   r - +0 plate armour
rPois    .         Reflect  .   n - +0 helmet
rElec    .         Harm     .   H - +2 cloak
rCorr    .         Rampage  .   m - +0 pair of gloves
Will     ++...                  (no boots)
Stlth    ..........             j - amulet of Azxoazeri {Faith rC++ Dex-3 Slay+2}
HPRegen  1.32/turn              o - +4 ring of evasion
MPRegen  0.12/turn              y - +4 ring of protection

@: berserking (expiring), lethally poisoned (0 -> -20), strong-willed,
regenerating, very quick
A: no striking features
a: Renounce Religion, Berserk, Trog's Hand


You were on level 9 of the Dungeon.
You worshipped Trog.
Trog was pleased with you.
You visited 1 branch of the dungeon, and saw 9 of its levels.

You collected 483 gold pieces.

Inventory:

Hand Weapons
 A - a +3 spear
 E - a +1 war axe of freezing (weapon)
Missiles
 h - 6 javelins
 v - 40 poisoned darts (quivered)
Armour
 m - a +0 pair of gloves (worn)
 n - a +0 helmet (worn)
 r - a +0 plate armour (worn)
 H - a +2 cloak (worn)
Jewellery
 j - the amulet of Azxoazeri (around neck) {Faith rC++ Dex-3 Slay+2}
   (You acquired it on level 5 of the Dungeon)

   [amulet of faith]

   It allows you to gain divine favour quickly.
   Dex:       It affects your dexterity (-3).
   Slay:      It affects your accuracy & damage with ranged weapons and melee
   (+2).
   rC:        It greatly protects you from cold.
 o - a +4 ring of evasion (left hand)
 w - a ring of magical power
 y - a +4 ring of protection (right hand)
 G - an amulet of reflection
 I - a ring of poison resistance
Wands
 g - a wand of digging (3)
 J - a wand of charming (10)
Scrolls
 a - 4 scrolls of teleportation
 b - a scroll of blinking
 c - 3 scrolls of fog
 d - 3 scrolls of magic mapping
 e - 2 scrolls of fear
 k - 2 scrolls of enchant weapon {unknown}
 l - a scroll of noise {unknown}
 q - 2 scrolls of brand weapon {unknown}
 s - 4 scrolls of vulnerability
 t - a scroll of silence {unknown}
 x - 3 scrolls of enchant armour {unknown}
 B - 2 scrolls of immolation {unknown}
 D - 2 scrolls of summoning {unknown}
Potions
 f - 3 potions of haste
 i - 6 potions of curing
 p - 3 potions of attraction {unknown}
 u - 5 potions of heal wounds
 z - a potion of invisibility {unknown}
 C - 2 potions of lignification {unknown}
 F - a potion of might {unknown}
 K - a potion of mutation {unknown}
Miscellaneous
 L - a phantom mirror


   Skills:
 + Level 9.4 Fighting
 * Level 13.3 Axes
 - Level 4.0 Throwing
 + Level 7.8 Armour
 - Level 4.0 Dodging
 - Level 4.1 Stealth
 + Level 2.3 Evocations


You had 9 spell levels left.
You didn't know any spells.
Your spell library contained the following spells:

 Spells                   Type           Power      Damage    Failure   Level
 Iskenderun's Battlesphe  Conj           0%         2d6       100%        5
 Iron Shot                Conj/Erth      0%         9d1       100%        6
 Spellforged Servitor     Conj/Summ      0%         N/A       100%        7


Dungeon Overview and Level Annotations

Branches:
Dungeon (9/15)             Temple (0/1) D:7
   Lair: D:8-11         Orc: D:9-12

Altars:
Cheibriados
Gozag
Hepliaklqana
Okawaru
Trog
Yredelemnul

Shops:
D:2 (

Annotations:
D:3 Ijyb
D:9 4 runed translucent doors


Message History

You feel very sick.
The tengu warrior hits you with a +1 battleaxe of venom!!
* * * LOW HITPOINT WARNING * * *
You are lethally poisoned!
The tengu warrior barely misses you.
The tengu warrior claws you but does no damage.
You miss the tengu warrior.
The tengu warrior is severely wounded.
* * * LOW HITPOINT WARNING * * *
You feel extremely sick.
The tengu warrior hits you but does no damage.
You are more poisoned.
The tengu warrior pecks you.
* * * LOW HITPOINT WARNING * * *
The tengu warrior claws you but does no damage.
You slash the tengu warrior! You freeze the tengu warrior.
The tengu warrior is almost dead.
* * * LOW HITPOINT WARNING * * *
You feel extremely sick.
You closely miss the tengu warrior.
The tengu warrior is almost dead.
* * * LOW HITPOINT WARNING * * *
You feel very sick. The tengu warrior barely misses you.
The tengu warrior pecks you but does no damage.
The tengu warrior claws you but does no damage.
You hit the tengu warrior. You freeze the tengu warrior.
The tengu warrior is almost dead.
* * * LOW HITPOINT WARNING * * *
You feel very sick.
You miss the tengu warrior.
The tengu warrior is almost dead.
* * * LOW HITPOINT WARNING * * *
You feel very sick. The tengu warrior barely misses you.
The tengu warrior pecks you but does no damage.
The tengu warrior claws you but does no damage.
You hit the tengu warrior.
The tengu warrior is almost dead.
You die...

.................##.###.#.#.#.##.
.......#........###.###.#.#.#.#..
................###+####..#..##.#
...............###ocZ###..#..#...
........##.....# #KcD####÷#.##...
..............####SmC####.#(#...#
..†...........##.+DYe+.###.##...#
.......##..#.##Q#######.##.#...##
.............#.#@#######.#.#...#
.......###...#.##.#(...(#.##..###
......####..##.##.##...##.#.....#
..).....#...#...##.#...#.##.....#
...........##...##.##.##.#......#
......###..#.##).##.#.#.##.....##
.....##...##. .p.##.#+#.#.......#
..........####)#####...##..#..###
.........## |[ #...#....[##


You could see an eight-headed hydra, a tengu warrior, a merfolk shaped shifter,
a centaur warrior, a deep elf archer (repels missiles), a cyclops, an orc
warrior, a water moccasin, an acid dragon, a sky beast, a kobold brigand, a
centaur and a centaur zombie.

Levels and vault maps discovered:
D:1:      ldierk_water_garden, layout_loops_ring, serial_forest,
          infiniplex_forest_corner_1, infiniplex_forest_corner_2,
          infiniplex_forest_straight_5, infiniplex_forest_clump_medium,
          infiniplex_forest_clump_medium, infiniplex_forest_straight_2,
          infiniplex_forest_clump_double, infiniplex_forest_straight_4
D:2:      layout_basic, serial_shops, nicolae_shop_window_shopping,
          kennysheep_generic_room_8
D:3:      layout_loops_ring, uniq_ijyb
D:4:      layout_layer_cave, trog_book
D:5:      layout_basic, nicolae_hepliaklqana_monster_ancestors, uniq_sigmund,
          uniq_crazy_yiuf_cottage
D:6:      layout_basic, mainiacjoe_overflow_tiny_flanked, cheibriados_altar_1
D:7:      layout_basic, mainiacjoe_overflow_cross_hatched,
          mainiacjoe_overflow_surrounded_room,
          minmay_temple_entry_gardened_gates
D:8:      layout_gridville, serial_rivers, chequers_serial_rivers_small_b,
          chequers_serial_rivers_small_a, chequers_serial_rivers_micro_a,
          chequers_serial_rivers_room_b, chequers_serial_rivers_micro_a,
          minmay_misc_feat_five
D:9:      minmay_the_grid_triangle_9x9_rhombus_thin
          [minmay_the_grid_triangle_9x9_subtriangle,
          minmay_the_grid_triangle_9x9_prize_schism,
          minmay_the_grid_triangle_9x9_wacky_v,
          minmay_the_grid_triangle_9x9_fully_insulated_deathbox],
          layout_cave_pools, library_closet, skrybe_limestone_x,
          roderic_lattice_a

Notes
Turn   | Place    | Note
-------+----------+-------------------------------------------
     0 | D:5      | ABBCCCDDDD the Hill Orc Delver began the quest for the Orb.
     0 | D:5      | Reached XP level 1. HP: 19/19 MP: 1/1
   252 | D:3      | Reached skill level 3 in Axes
   419 | D:2      | Reached XP level 2. HP: 27/27 MP: 2/2
   430 | D:2      | Reached skill level 1 in Armour
   981 | D:1      | Reached XP level 3. HP: 33/33 MP: 3/3
  1099 | D:1      | Reached skill level 4 in Axes
  1817 | D:2      | Reached XP level 4. HP: 40/40 MP: 4/4
  2322 | D:2      | Found Deogyuxt's Antique Weapon Emporium.
  2990 | D:3      | Reached skill level 5 in Axes
  3256 | D:3      | Noticed Ijyb
  3790 | D:4      | Reached XP level 5. HP: 30/47 MP: 5/5
  4433 | D:4      | Found a bloodstained altar of Trog.
  4443 | D:4      | Became a worshipper of Trog the Wrathful
  4726 | D:5      | Reached skill level 5 in Fighting
  4728 | D:5      | Reached XP level 6. HP: 55/56 MP: 6/6
  4737 | D:5      | Reached skill level 6 in Axes
  4927 | D:5      | Noticed Sigmund
  4953 | D:5      | Killed Sigmund
  5023 | D:5      | Reached skill level 7 in Axes
  5023 | D:5      | Reached XP level 7. HP: 61/61 MP: 7/7
  5183 | D:5      | Found a hazy altar of Hepliaklqana.
  5310 | D:5      | Reached * piety under Trog
  5601 | D:5      | Found a runed translucent door.
  5602 | D:5      | Noticed Crazy Yiuf
  5888 | D:5      | Killed Crazy Yiuf
  5906 | D:5      | Identified a scroll of acquirement
  5910 | D:5      | Acquired the amulet of Azxoazeri {Faith rC++ Dex-3 Slay+2}
  5969 | D:6      | Reached skill level 8 in Axes
  6073 | D:6      | Found a snail-covered altar of Cheibriados.
  6095 | D:6      | Reached XP level 8. HP: 55/70 MP: 8/8
  6100 | D:6      | Reached skill level 1 in Throwing
  6208 | D:6      | Found an iron altar of Okawaru.
  6609 | D:7      | Found an opulent altar of Gozag.
  6744 | D:7      | Found a staircase to the Ecumenical Temple.
  6761 | D:7      | Noticed a yak
  6761 | D:7      | Noticed a yak
  6762 | D:7      | Noticed a yak
  6762 | D:7      | Noticed a yak
  6774 | D:7      | Killed a yak
  6775 | D:7      | Reached skill level 9 in Axes
  6776 | D:7      | Killed a yak
  6791 | D:7      | Killed a yak
  6792 | D:7      | Reached skill level 5 in Armour
  6798 | D:7      | Killed a yak
  7008 | D:7      | Found a basalt altar of Yredelemnul.
  7018 | D:7      | Reached skill level 10 in Axes
  7018 | D:7      | Reached XP level 9. HP: 60/79 MP: 9/9
  7292 | D:7      | Noticed a hornet
  7299 | D:7      | Paralysed by a hornet for 2 turns
  7305 | D:7      | Killed a hornet
  7760 | D:8      | Reached ** piety under Trog
  7849 | D:8      | Noticed a hornet
  7857 | D:8      | Killed a hornet
  7858 | D:8      | Reached skill level 11 in Axes
  8369 | D:8      | Reached XP level 10. HP: 88/88 MP: 10/10
  8447 | D:8      | Reached skill level 12 in Axes
  9241 | D:9      | Noticed a manticore
  9248 | D:9      | Killed a manticore
  9249 | D:9      | Reached skill level 1 in Evocations
  9290 | D:9      | Found a runed translucent door.
  9290 | D:9      | Noticed an eight-headed hydra
  9291 | D:9      | Noticed a centaur warrior
  9307 | D:9      | Noticed a deep elf archer
  9307 | D:9      | Noticed a cyclops
  9340 | D:9      | Reached *** piety under Trog
  9453 | D:9      | Noticed a centaur warrior
  9472 | D:9      | Killed a centaur warrior
  9473 | D:9      | Reached skill level 13 in Axes
  9692 | D:9      | Found a runed translucent door.
  9694 | D:9      | Found a runed translucent door.
  9721 | D:9      | Found a runed translucent door.
  9727 | D:9      | Identified the +8 hand crossbow of Defiance {venom, Int+3}
  9727 | D:9      | Noticed a tengu warrior
  9729 | D:9      | Noticed a death knight
  9729 | D:9      | Noticed a boulder beetle
  9762 | D:9      | HP: 4/136 [poisoned by a tengu warrior]
  9763 | D:9      | Succumbed to a tengu warrior's poison

Table legend: (Time is in decaauts)
 A = Elapsed time spent in this place.
 B = Non-inter-level travel time spent in this place.
 C = Inter-level travel time spent in this place.
 D = Time resting spent in this place.
 E = Time spent auto-exploring this place.
 F = Levels seen in this place.
 G = Mean time per level.
                   A        B        C        D        E       F      G
               +--------+--------+--------+--------+--------+-----+--------+
         Total |   9859 |   9424 |    435 |   2571 |   5026 |   9 | 1095.4 |
       Dungeon |   9859 |   9424 |    435 |   2571 |   5026 |   9 | 1095.4 |
               +--------+--------+--------+--------+--------+-----+--------+

Top non-repeatable levels by time:
     D:5: 1386 daAuts
     D:4: 1331 daAuts
     D:8: 1288 daAuts
     D:3: 1195 daAuts
     D:7: 1171 daAuts
     D:1: 1141 daAuts
     D:2: 937 daAuts
     D:9: 786 daAuts
     D:6: 621 daAuts

Table legend:
 A = Kills in this place as a percentage of kills in entire the game.
 B = Kills by you in this place as a percentage of kills by you in the entire game.
 C = Kills by friends in this place as a percentage of kills by friends in the entire game.
 D = Other kills in this place as a percentage of other kills in the entire game.
 E = Experience gained in this place as a percentage of experience gained in the entire game.
 F = Experience gained in this place divided by the number of levels of this place that you have seen.
                   A       B       C       D       E      F
               +-------+-------+-------+-------+-------+----------------------
         Total | 100.0 | 100.0 |   N/A |   N/A | 100.0 | 998.2
       Dungeon | 100.0 | 100.0 |   N/A |   N/A | 100.0 | 998.2
               +-------+-------+-------+-------+-------+----------------------

Action                   |  1- 3 |  4- 6 |  7- 9 | 10-12 || total
-------------------------+-------+-------+-------+-------++-------
Melee: Hand axe          |   112 |   259 |    53 |       ||   424
       War axe           |       |       |   161 |   135 ||   296
Throw: Dart              |       |    18 |     1 |       ||    19
Invok: Berserk           |       |       |     7 |     3 ||    10
       Trog's Hand       |       |       |       |     1 ||     1
  Use: Scroll            |       |     1 |     8 |     1 ||    10
 Stab: Sleeping          |     8 |     1 |       |       ||     9
Armor: Ring mail         |    46 |    12 |       |       ||    58
       Plate armour      |       |   126 |   135 |    93 ||   354
Dodge: Dodged            |    64 |   122 |    95 |    68 ||   349
Block: Other             |       |       |     1 |       ||     1

Vanquished Creatures
  A centaur warrior (D:9)
  A manticore (D:9)
  A troll (D:9)
  2 hornets
  Sigmund (D:5)
  11 yaks
  2 steam dragons
  A basilisk (D:9)
  4 vampire mosquitoes
  A water moccasin (D:9)
  2 sky beasts (D:8)
  2 orc warriors
  An ice beast (D:6)
  A centaur (D:9)
  2 necrophages
  An ogre (D:5)
  A bullfrog (D:8)
  A kobold brigand (D:8)
  A scorpion (D:6)
  3 wights (D:8)
  3 howler monkeys
  2 centaur zombies
  2 orc priests
  2 hounds
  A jelly (D:6)
  Crazy Yiuf (D:5)
  A gnoll shaman (D:5)
  4 orc wizards
  An iguana (D:4)
  A killer bee zombie (D:7)
  4 gnolls (D:5)
  3 adders
  3 shadow imps
  3 white imps
  An ufetubus (D:5)
  An adder skeleton (D:4)
  3 worms
  2 dart slugs
  14 orcs
  5 endoplasms
  7 giant cockroaches
  6 hobgoblins
  6 jackals
  14 kobolds
  4 quokkas
  9 ball pythons
  12 bats
  6 frilled lizards
  7 goblins
  3 rats
  A spectral kobold (D:5)
172 creatures vanquished.

Vanquished Creatures (others)
  8 plants (D:1)
  4 toadstools (D:1)
12 creatures vanquished.

Grand Total: 184 creatures vanquished
